 Dungeon Crawl Stone Soup version bcrawl-1.21.2-28-g2cb1824106 (webtiles) character file.

Game seed: 8405719663970465580

83 An17 the Chiller (level 4, -7/33 HPs)
             Began as a Demigod Ice Elementalist on Mar 23, 2020.
             Killed by nerve-wracking pain
             ... invoked by a shadow imp
              (10 damage)
             ... on level 3 of the Dungeon.
             The game lasted 00:07:00 (2241 turns).

An17 the Chiller (Demigod Ice Elementalist)         Turns: 2241, Time: 00:07:01

Health: -7/33      AC: 11    Str: 12    XL:     4   Next: 22%
Magic:  6/19       EV: 13    Int: 21    God:    Demigod [*.....]
Gold:   180        SH:  0    Dex: 17    Spells: 2/8 levels left

rFire    . . .     SeeInvis .   x - +4 morningstar (protect)
rCold    . . .     Gourm    .   (no shield)
rNeg     . . .     Faith    .   a - +1 robe
rPois    .         Spirit   .   (no helmet)
rElec    .         Reflect  .   (no cloak)
rCorr    .         Harm     .   (no gloves)
MR       +....                  p - +0 pair of boots
Stlth    ++........             (no amulet)
HPRegen  0.11/turn              b - ring of magical power
MPRegen  0.16/turn              j - ring of protection from magic

@: protection aura
A: high mp 1
a: Temporal Distortion


You were on level 3 of the Dungeon.
You worshipped Demigod.
Demigod was aware of your devotion.
You were not hungry.

You visited 1 branch of the dungeon, and saw 3 of its levels.

You collected 180 gold pieces.

Inventory:

Hand Weapons
 x - a +4 morningstar of protection (weapon)
Missiles
 l - 92 poisoned tomahawks (quivered)
Armour
 a - a +1 robe (worn)
 p - a +0 pair of boots (worn)
 y - a +4 chain mail of magic resistance
Jewellery
 b - a ring of magical power (left hand)
 g - an uncursed ring of positive energy
 j - a ring of protection from magic (right hand)
 r - an uncursed amulet of the acrobat {unknown}
Wands
 c - a wand of iceblast (1)
Scrolls
 f - 2 scrolls of teleportation
 k - 3 scrolls of remove curse
 v - a scroll of fog
 w - a scroll of identify
Potions
 d - a potion of mutation
 h - a potion of haste {unknown}
 i - a potion of cancellation {unknown}
 m - 2 potions of curing
 n - a potion of brilliance {unknown}
 o - a potion of heal wounds {unknown}
 q - a potion of agility {unknown}
 t - a potion of might {unknown}
Comestibles
 e - a ration {!d}
 u - 2 chunks of flesh


   Skills:
 + Level 2.0 Dodging
 - Level 2.0 Stealth
 + Level 2.5 Spellcasting
 + Level 0.9 Conjurations
 + Level 3.9 Ice Magic


You had 2 spell levels left.
You knew the following spells:

 Your Spells              Type           Power        Failure   Level  Hunger
a - Freeze                Ice            ###...       2%          1    None
b - Throw Frost           Conj/Ice       ##....       3%          2    ##.....
c - Ozocubu's Armour      Chrm/Ice       ##......     19%         3    ###....

Your spell library contained the following spells:

 Spells                   Type           Power        Failure   Level  Hunger
 Throw Icicle             Conj/Ice       ##......     45%         4    ####...
 Summon Ice Beast         Ice/Summ       ##......     52%         4    ####...


Dungeon Overview and Level Annotations

Branches:
Dungeon (3/12)


Innate Abilities, Weirdness & Mutations

You have an increased reservoir of magic. (+10% MP)


Message History

Casting: Throw Frost (safe; 3% risk of failure)
Confirm with . or Enter, or press ? or * to list all spells.
Aiming: Throw Frost (safe; 3% risk of failure)
Press: ? - help, Shift-Dir - straight line, f/p - shadow imp
Aim: a shadow imp The puff of frost hits the shadow imp.
The shadow imp completely resists.
The shadow imp hits you but does no damage.
You hit the shadow imp.
Your weapon exudes an aura of protection.
The shadow imp is lightly wounded.
The shadow imp misses you.
You hit the shadow imp but do no damage.
The shadow imp is lightly wounded.
The shadow imp gestures at you. Pain shoots through your body!
* * * LOW HITPOINT WARNING * * *
The shadow imp gestures at you. Pain shoots through your body!
You die...
Your divinity fades.

...# #...#[#(#.#..##** ##.#
#.#..........?..##****** ##.#
#.#.#.#.#.#.#,,...,,,,,*
##.####.......(...#,.#.#,*,*,*
....(.....#.#.#.#.#.....,,,,,**
##.######.......[.#..#.#,*,*,,*
##.# ##.#####.#......,,,,,,*
##.######....†.......#.#,*,*,,*
##...†.[..†..##.@.......,,,,,,*
#######........#5.>..#.#,*,*,,**
# ##.....##.....(...,,,,,*,** #
##...####........,,,,,,,,* #
##.## *#.#...###**,*,*,** ###
#.# *..##### **,,,,*
).########.#***.## *,,*,**
#...........,**.** *,**,,,
#.#######.**,*,*,** *,*****


You could see a shadow imp.

Vanquished Creatures
  Terence (D:3)
  An adder (D:2)
  A worm (D:2)
  A dart slug (D:2)
  3 leopard geckos (D:1)
  2 orcs (D:3)
  4 bats
  2 giant cockroaches
  A goblin (D:1)
  6 hobgoblins
  5 jackals
  3 kobolds
  2 frilled lizards (D:1)
  2 rats
34 creatures vanquished.

Notes
Turn   | Place    | Note
-------+----------+-------------------------------------------
     0 | D:1      | An17 the Demigod Ice Elementalist began the quest for the
                  | Orb.
     0 | D:1      | Reached XP level 1. HP: 14/14 MP: 5/5
   290 | D:1      | Reached skill level 3 in Ice Magic
   290 | D:1      | Reached XP level 2. HP: 19/20 MP: 7/7
   297 | D:1      | Learned a level 2 spell: Throw Frost
   820 | D:2      | Found an ornate altar of the Wu Jian Council.
  1279 | D:2      | Reached XP level 3. HP: 26/26 MP: 8/8
  1284 | D:2      | Learned a level 3 spell: Ozocubu's Armour
  1521 | D:2      | Reached * piety under Demigod
  1814 | D:2      | Found a shimmering blue altar of Sif Muna.
  2154 | D:3      | Noticed Terence
  2170 | D:3      | Killed Terence
  2170 | D:3      | Reached XP level 4. HP: 7/33 MP: 2/10
  2241 | D:3      | Killed from afar by a shadow imp

Skill      XL: |  1  2  3 |
---------------+----------+-----
Ice Magic      | 3 |  3.9
Spellcasting   | 2 |  2.5
Dodging        | 2 |  2.0
Stealth        | |  2.0
Conjurations   | |  0.9

Action                   |  1- 3 |  4- 6 || total
-------------------------+-------+-------++-------
Melee: Unarmed           |     7 |       ||     7
       Morningstar       |       |     2 ||     2
Throw: Tomahawk          |     3 |       ||     3
 Cast: Freeze            |    46 |     1 ||    47
       Throw Frost       |    13 |     4 ||    17
       Ozocubu's Armour  |     1 |       ||     1
  Use: Scroll            |    10 |       ||    10
  Eat: Ration            |     1 |     1 ||     2
       Chunk             |     1 |       ||     1
Armor: Robe              |     4 |     1 ||     5
Dodge: Dodged            |    30 |     1 ||    31
